Map: Eternal Empire LE

Players

SKillous - Winner!

  • Race: Protoss Protoss
  • Spawn Location: 7:00

Kas

  • Race: Terran Terran
  • Spawn Location: 1:00

Event: IEM Katowice 2020

VOD

Have the link to the VOD?

Description

Time

  • Played on: Feb. 24, 2020, 11:41 a.m.
  • Length: 12:43

All games in this series

Show
View Real Time Build Order
Export as new Build Order

SKillous Protoss - Winner!

Build Orders: 1 Gate Expand, Phoenix Opening, Colossus Rush 

Get SALT Encoding   

  12  0:00  Probe  
  13  0:12  Probe  
  14  0:17  Pylon  
  14  0:25  Probe  
  15  0:35  Gateway  
  15  0:37  Probe (Chrono Boost)  
  16  0:46  Probe (Chrono Boost), Assimilator  
  17  0:51  Probe (Chrono Boost)  
  18  1:03  Probe  
  19  1:15  Probe  
  20  1:22  Nexus  
  20  1:33  Cybernetics Core  
  20  1:35  Probe  
  21  1:40  Assimilator  
  21  1:47  Probe  
  21  1:51  Pylon  
  22  1:59  Probe  
  23  2:06  Adept (Chrono Boost)  
  23  2:11  Probe  
  26  2:19  Stargate  
  26  2:24  Probe (Chrono Boost)  
  26  2:26  Warp Gate  
  27  2:33  Adept (Chrono Boost)  
  27  2:35  Probe (Chrono Boost)  
  31  2:42  Probe (Chrono Boost)  
  31  2:44  Probe (Chrono Boost)  
  31  2:48  Probe (Chrono Boost)  
  31  2:49  Probe (Chrono Boost)  
  35  3:00  Probe  
  35  3:01  Probe  
  35  3:02  Phoenix  
  37  3:12  Probe (Chrono Boost), Gateway  
  38  3:14  Gateway  
  39  3:20  Probe (Chrono Boost)  
  39  3:24  Probe (Chrono Boost)  
  40  3:27  Phoenix (Chrono Boost)  
  40  3:30  Probe (Chrono Boost)  
  40  3:32  Pylon  
  43  3:35  Probe  
  43  3:40  Probe  
  44  3:47  Probe  
  45  3:50  Phoenix (Chrono Boost)  
  45  3:52  Probe  
  45  3:54  Assimilator  
  48  3:56  Robotics Facility  
  48  3:57  Assimilator  
  48  3:59  Probe  
  49  4:04  Probe  
  49  4:09  Phoenix  
  52  4:11  Probe, Pylon  
  52  4:16  Pylon  
  54  4:17  Probe  
  54  4:27  Pylon  
  54  4:29  Probe  
  54  4:30  Probe  
  56  4:34  Phoenix  
  58  4:43  Pylon  
  58  4:45  Observer (Chrono Boost)  
  59  4:49  Sentry  
  59  4:51  Nexus  
  61  4:57  Probe  
  62  5:00  Immortal  
  66  5:08  Probe, Robotics Bay  
  66  5:13  Probe  
  68  5:16  Sentry  
  68  5:19  Pylon  
  68  5:20  Probe  
  71  5:26  Probe  
  72  5:32  Probe  
  72  5:34  Shield Battery, Sentry  
  72  5:35  Shield Battery, Sentry  
  75  5:38  Probe  
  78  5:44  Probe  
  79  5:50  Probe  
  79  5:52  Zealot  
  79  5:54  Shield Battery  
  79  5:55  Colossus (Chrono Boost)  
  79  5:56  Probe  
  89  6:02  Probe  
  89  6:03  Probe  
  89  6:08  Probe  
  82  6:11  Stalker x2  
  82  6:16  Probe (Chrono Boost)  
  82  6:17  Probe (Chrono Boost)  
  79  6:21  Probe (Chrono Boost)  
  78  6:31  Probe x2 (Chrono Boost)  
  78  6:32  Probe (Chrono Boost)  
  80  6:33  Sentry, Assimilator  
  80  6:36  Probe (Chrono Boost)  
  80  6:37  Forge  
  80  6:38  Forge  
  83  6:40  Probe x2  
  83  6:43  Colossus (Chrono Boost)  
  83  6:44  Sentry, Assimilator  
  93  6:48  Probe (Chrono Boost)  
  95  6:55  Probe (Chrono Boost)  
  96  7:01  Twilight Council  
  96  7:03  Pylon  
  96  7:04  Probe (Chrono Boost)  
  96  7:05  Probe (Chrono Boost), Protoss Shields Level 1 (Chrono Boost)  
  97  7:09  Stalker  
  97  7:15  Probe, Pylon  
  99  7:18  Pylon, Zealot  
  99  7:20  Probe  
  103  7:22  Protoss Ground Weapons Level 1 (Chrono Boost)  
  103  7:25  Pylon  
  103  7:26  Pylon  
  103  7:27  Pylon, Nexus  
  103  7:30  Probe, Pylon  
  103  7:36  Charge (Chrono Boost)  
  104  7:38  Extended Thermal Lance  
  104  7:40  Probe  
  105  7:44  Probe  
  105  7:50  Probe, Gateway  
  105  7:51  Gateway  
  105  7:52  Probe  
  105  7:53  Gateway  
  105  7:57  Gateway  
  106  7:58  Gateway  
  106  7:59  Probe  
  106  8:02  Templar Archives  
  107  8:07  Probe  
  107  8:09  Photon Cannon  
  109  8:12  Probe  
  109  8:14  Probe  
  110  8:21  Pylon, Gateway  
  110  8:22  Gateway  
  110  8:29  Photon Cannon  
  110  8:30  Pylon  
  110  8:31  Photon Cannon  
  110  8:33  Photon Cannon  
  110  8:39  Warp Prism (Chrono Boost)  
  112  8:41  Pylon  
  112  8:44  Probe  
  112  8:46  High Templar x4  
  121  8:49  Protoss Shields Level 2 (Chrono Boost), Pylon  
  121  8:50  Pylon  
  121  8:52  Archon x2  
  121  8:55  Zealot, High Templar x2  
  127  9:07  Archon  
  127  9:08  Warp Prism (Chrono Boost)  
  129  9:15  Zealot  
  129  9:16  Protoss Ground Weapons Level 2 (Chrono Boost)  
  131  9:19  Nexus  
  131  9:22  Pylon  
  131  9:23  Probe  
  132  9:28  Pylon  
  132  9:29  Fleet Beacon  
  132  9:32  Zealot x2  
  132  9:35  Robotics Facility  
  136  9:39  High Templar x2  
  136  9:40  Warp Prism (Chrono Boost), Zealot x2  
  146  9:46  Archon  
  146  9:52  Photon Cannon  
  146  9:54  Zealot x4  
  146  9:55  Photon Cannon  
  146  9:58  High Templar  
  146  9:59  High Templar  
  158  10:03  Zealot x2  
  158  10:04  Archon  
  162  10:13  Zealot x2  
  166  10:17  Unknown  
  166  10:19  Zealot  
  166  10:20  Zealot x3  
  174  10:24  Mothership  
  174  10:27  Zealot x2  
  186  10:33  Gravitic Drive  
  186  10:47  Protoss Air Weapons Level 1 (Chrono Boost)  
  184  11:03  Zealot  
  184  11:04  Zealot x4  
  190  11:11  Zealot x3  
  162  11:26  Zealot x5  
  162  11:27  Zealot x2  
  138  11:34  Zealot x3  
  138  11:46  Zealot x5  
  138  11:47  Zealot x2  
  140  11:55  Pylon  
  140  11:58  Zealot x3  
  136  12:01  Gateway  
  136  12:04  Gateway  
  136  12:05  Gateway  
  136  12:07  Gateway  
  122  12:11  Gateway  
  122  12:12  Gateway  
  122  12:14  Zealot x7  
  130  12:19  Gateway x2  
  130  12:21  Zealot  
  130  12:22  Zealot x2  
  128  12:35  Zealot x6  
  128  12:36  Zealot  
Show
View Real Time Build Order
Export as new Build Order

Kas Terran 

Build Orders: Gas First Reaper Expand, Mech 

Get SALT Encoding   

  12  0:01  SCV  
  13  0:13  SCV  
  14  0:17  Supply Depot  
  14  0:25  SCV  
  14  0:27  Refinery  
  15  0:39  SCV  
  16  0:45  Barracks  
  16  0:51  SCV  
  17  1:03  SCV  
  18  1:15  SCV  
  19  1:34  Reaper  
  19  1:35  Orbital Command  
  20  1:44  Command Center  
  20  1:57  Factory  
  20  2:00  SCV  
  21  2:04  Refinery  
  21  2:10  Barracks Reactor  
  21  2:12  SCV  
  22  2:18  Supply Depot  
  22  2:26  SCV  
  23  2:40  SCV  
  24  2:46  Starport  
  24  2:47  Marine x2  
  24  2:48  Factory Tech Lab  
  26  2:53  SCV  
  27  3:05  Orbital Command, Marine x2  
  29  3:14  SCV  
  30  3:23  Reaper  
  30  3:26  SCV  
  32  3:28  Viking  
  32  3:33  SCV  
  35  3:38  SCV  
  35  3:39  Cyclone  
  38  3:41  Marine  
  38  3:45  SCV  
  40  3:50  SCV  
  40  3:55  Supply Depot, Marine  
  42  3:59  Marine  
  42  4:00  SCV  
  42  4:01  Supply Depot  
  44  4:06  Viking  
  46  4:17  SCV x2, Cyclone, Marine x2  
  46  4:19  Supply Depot  
  53  4:28  Supply Depot  
  53  4:29  SCV x2  
  54  4:34  Marine x2  
  54  4:36  Viking  
  58  4:41  SCV  
  58  4:42  SCV  
  60  4:49  Siege Tank  
  60  4:50  Supply Depot  
  60  4:52  Marine  
  63  4:53  SCV  
  63  4:55  Marine  
  63  4:56  Supply Depot  
  63  4:57  SCV  
  67  5:05  SCV  
  67  5:06  Medivac  
  70  5:09  SCV  
  70  5:10  Marine  
  72  5:15  Supply Depot  
  72  5:17  SCV, Refinery, Marine  
  72  5:19  Supply Depot  
  72  5:21  SCV  
  75  5:25  Siege Tank  
  75  5:28  Marine  
  78  5:30  SCV  
  78  5:34  Marine  
  81  5:37  SCV  
  81  5:42  Command Center  
  82  5:45  Refinery  
  82  5:47  SCV, Supply Depot  
  83  5:52  SCV  
  83  5:55  Supply Depot  
  84  5:57  Siege Tank  
  84  5:59  SCV  
  80  6:10  SCV  
  72  6:19  SCV, Marine x2  
  72  6:23  SCV  
  66  6:28  Factory  
  66  6:31  Engineering Bay  
  61  6:33  SCV  
  61  6:34  Factory  
  61  6:35  SCV  
  61  6:36  Cyclone  
  61  6:37  Marine  
  61  6:38  Viking  
  69  6:45  SCV  
  70  6:47  SCV, Marine  
  70  6:50  Refinery  
  70  6:52  Armory  
  70  6:53  Armory  
  70  6:55  Marine  
  70  6:57  SCV  
  70  6:59  SCV  
  70  7:04  Orbital Command  
  70  7:07  Refinery  
  70  7:09  SCV, Missile Turret  
  70  7:10  Missile Turret  
  70  7:11  SCV  
  70  7:12  Siege Tank  
  75  7:16  Missile Turret  
  75  7:21  SCV, Factory Tech Lab  
  76  7:23  SCV  
  77  7:30  SCV  
  77  7:31  Factory  
  77  7:32  Factory  
  77  7:33  SCV  
  77  7:35  SCV  
  80  7:37  Hellion  
  80  7:38  Hellion  
  80  7:42  SCV  
  84  7:45  SCV  
  84  7:47  Siege Tank x2  
  84  7:48  SCV  
  84  7:50  Terran Vehicle Weapons Level 1  
  84  7:51  Terran Vehicle And Ship Armor Level 1  
  92  7:54  SCV  
  94  7:58  SCV  
  94  7:59  Hellion x2  
  94  8:03  Infernal Pre-Igniter  
  98  8:06  SCV  
  98  8:08  SCV  
  98  8:10  SCV  
  98  8:12  Starport Reactor  
  101  8:16  Factory Reactor, Factory Tech Lab  
  101  8:18  SCV  
  101  8:19  Siege Tank x2  
  108  8:20  SCV  
  108  8:22  Hellion x2  
  108  8:25  SCV  
  114  8:34  Missile Turret  
  114  8:36  Siege Tank  
  114  8:38  Supply Depot  
  118  8:41  SCV x2  
  118  8:42  SCV  
  118  8:43  Hellion x2  
  124  8:48  Smart Servos  
  124  8:50  Viking  
  124  8:51  Viking, Siege Tank  
  124  8:53  SCV  
  124  8:55  Supply Depot, Siege Tank, Hellion  
  134  8:58  Hellion  
  134  9:02  Supply Depot  
  139  9:03  Supply Depot  
  139  9:06  Hellion, Supply Depot  
  139  9:09  Hellion  
  143  9:13  Siege Tank  
  148  9:17  Hellion  
  148  9:19  Supply Depot  
  148  9:24  Siege Tank  
  148  9:27  Siege Tank  
  148  9:29  Liberator  
  159  9:31  Hellion x2  
  159  9:32  Hellion  
  163  9:39  Liberator  
  166  9:52  Supply Depot  
  166  9:56  Hellion x2  
  166  9:57  Hellion x2, Mag-Field Accelerator  
  166  9:58  Siege Tank x2  
  180  10:06  Missile Turret  
  180  10:07  Hellion  
  180  10:09  Missile Turret x2  
  182  10:17  Terran Vehicle Weapons Level 2  
  182  10:21  Command Center, Terran Vehicle And Ship Armor Level 2  
  182  10:24  Hellion x4  
  190  10:39  Supply Depot  
  190  10:40  Siege Tank x2  
  196  11:00  Viking  
  198  11:10  Hellion  
  200  11:17  Hellion  
  192  11:23  Siege Tank x2  
  192  11:24  Hellion x2  
  160  11:26  Hellion  
  160  11:31  Hellion  
  123  11:35  SCV x2  
  123  11:37  Orbital Command  
  123  11:41  Hellion  
  123  11:45  Hellion  
  122  11:47  Siege Tank  
  107  11:54  Hellion x2  
  107  11:55  Siege Tank  
  107  11:56  SCV, Siege Tank  
  99  12:02  SCV x2  
  99  12:03  Hellion  
  99  12:07  Hellion  
  99  12:10  SCV  
  99  12:14  SCV  
  98  12:16  Hellion  
  98  12:17  Hellion  
  100  12:24  SCV, Refinery  
  100  12:25  Barracks Reactor  

Tags
 
Add a new tag
Caveats
  • Supply blocks, unpowered buildings, or Contaminate may cause inaccurate times.
  • Supply counts are checked every 10 seconds.